 Dungeon Crawl Stone Soup version 0.31-a0-675-g238779eb0a (webtiles) character file.

Game seed: 658542348697311469

322 qw the Shooter (level 6, -4/38 HPs)
             Began as a Gargoyle Hunter on Sept 5, 2023.
             Was an Initiate of Okawaru.
             Slain by a black bear (11 damage)
             ... on level 4 of the Dungeon.
             The game lasted 00:01:20 (2413 turns).

qw the Shooter (Gargoyle Hunter)                    Turns: 2413, Time: 00:01:21

Health: -4/38      AC:  8    Str: 15    XL:     6   Next: 47%
Magic:  6/6        EV: 11    Int:  9    God:    Okawaru [......]
Gold:   212        SH:  0    Dex: 15    Spells: 5/5 levels left

rFire   . . .        Y - +0 shortbow
rCold   . . .        (shield currently unavailable)
rNeg    + . .        c - +0 leather armour
rPois   inf          (no helmet)
rElec   +            h - +0 cloak
rCorr   .            (no gloves)
SInv    .            (no boots)
Will    +....        e - amulet of regeneration
Stlth   ++           i - ring "Heis" {Wiz Will+}
HPRegen 1.06/turn    (no ring)
MPRegen 0.10/turn

%: wizardry (x1)
@: about to teleport
A: sickness immunity, AC +4, negative energy resistance 1, electricity
resistance, torment resistance 1, petrification resistance
a: Renounce Religion


You were on level 4 of the Dungeon.
You worshipped Okawaru.
Okawaru was noncommittal.
You visited 2 branches of the dungeon, and saw 5 of its levels.

You collected 212 gold pieces.


Innate Abilities, Weirdness & Mutations

You are immune to sickness and miasma.
Your stone body is resilient. (AC +4)
You are immune to poison.
You resist negative energy. (rN+)
You are resistant to electric shocks. (rElec)
You are resistant to unholy torment.
You are immune to petrification.


   Skills:
 - Level 4.2 Fighting
 + Level 6.6 Ranged Weapons
 - Level 1.0 Armour
 - Level 1.5 Dodging
 - Level 1.1 Stealth


You had 5 spell levels left.
You didn't know any spells.
Your spell library was empty.

Inventory:

Hand Weapons
 Y - a +0 shortbow (weapon)
Armour
 c - a +0 leather armour (worn)
 h - a +0 cloak (worn)
 n - a +0 pair of boots
Jewellery
 e - an amulet of regeneration (around neck)
 i - the ring "Heis" (left hand) {Wiz Will+}
   (You found it on level 3 of the Dungeon)

   [ring of wizardry]

   Wiz:       It improves your spell success rate.
   Will+:     It increases your willpower.
Scrolls
 k - a scroll of identify
Potions
 a - a potion of berserk rage {unknown}
 b - a potion of haste {unknown}
 d - a potion of resistance {unknown}
 f - a potion of attraction {unknown}
 j - a potion of might {unknown}
 l - a potion of curing {unknown}
 m - a potion of lignification {unknown}

Dungeon Overview and Level Annotations

Branches:
Dungeon (4/15)             Temple (1/1) D:4

Altars:
Ashenzari
Fedhas
Gozag
Hepliaklqana
Kikubaaqudgha
Makhleb
Okawaru
Qazlal
Ru
Sif Muna
Trog
Uskayaw
Vehumet
Wu Jian
Xom
The Shining One

Shops:
D:4 *


Message History

You shoot an arrow.
The arrow hits the black bear but does no damage.
Something hits you but does no damage.
You shoot an arrow. The arrow hits the black bear.
The black bear is lightly wounded.
Something hits you. Something shocks you. You resist.
You shoot an arrow. The arrow barely misses the black bear.
The black bear bites you.
The black bear claws you but does no damage.
The black bear misses you. Something hits you. Something shocks you.
You resist.
You shoot an arrow. The arrow hits the black bear!
The black bear is moderately wounded.
The black bear bites you but does no damage.
The black bear misses you.
The black bear claws you but does no damage.
Something hits you. Something shocks you. You resist.
You shoot an arrow. The arrow hits the black bear.
The black bear is heavily wounded.
The black bear completely misses you. x3; Something hits you but does no damage.
You shoot an arrow. The arrow hits the black bear!
The black bear is severely wounded.
The black bear goes berserk!
Something hits you. Something shocks you. You resist. The black bear bites you!
The black bear claws you. The black bear misses you.
2412 ||| READING scroll of teleportation.
As you read the scroll of teleportation, it crumbles to dust.
You feel strangely unstable.
A sky beast appears from thin air!
Reactivating autopickup.
The sky beast barely misses you. The black bear bites you.
The black bear barely misses you.
The black bear claws you but does no damage.
Enter note:
Enter note:
2413 |||
Found retreat position at -1,1 (floor) with 0 blocking monsters and 1 monsters attacking at destination at distance 1
Enter note:
Enter note:
2413 ||| Stepping ~*~*~tactically~*~*~ (retreating).
The black bear bites you!
You die...

###.# ##...#...##.##...##.#.#
###############.%.........#.#
##.......###....###...###.##.#
#.#.....#.#.#...##.#### ##..
#..#...#..#..#..#...## #.#..
#...#.#...#...#.#.#..# #.# ..
....................# #..
.)..###.......###hY.##.##.#
...#.#.#..:..#.#@#ยค..>...# .
..#..#..#...#..#[.#..####.#. #..#
.#...#...#.#...#...#........ #...
####################.####.#.##.##
#.............. #######.#####..
.... ##.. ###


You could see a black bear (berserk) and a sky beast.

Vanquished Creatures
  4 orc priests
  An iguana (D:4)
  8 adders
  4 worms
  A dart slug (D:4)
  8 orcs
  2 bats
  A bat zombie (D:4)
  7 endoplasms
  A giant cockroach (D:4)
  8 goblins
  9 hobgoblins
  6 jackals
  3 quokkas
  9 ball pythons
  2 frilled lizards
  8 kobolds
  6 rats
  A rat zombie (D:4)
89 creatures vanquished.

Notes
Turn   | Place    | Note
-------+----------+-------------------------------------------
     0 | D:1      | qw the Gargoyle Hunter began the quest for the Orb.
     0 | D:1      | Reached XP level 1. HP: 12/12 MP: 1/1
     0 | D:1      | 0 ||| qw: Version: 0.3-a-75-g829b12e
     0 | D:1      | 0 ||| qw: Game counter: 178
     0 | D:1      | 0 ||| qw: Melee chars always use a shield: true
     0 | D:1      | 0 ||| qw: God list: Okawaru
     0 | D:1      | 0 ||| qw: Allow faded altars: false
     0 | D:1      | 0 ||| qw: Do Orc after clearing Dungeon:15 true
     0 | D:1      | 0 ||| qw: Do second Lair branch before Depths: true
     0 | D:1      | 0 ||| qw: Lair rune preference: random
     0 | D:1      | 0 ||| qw: Goals: Normal
     0 | D:1      | 0 ||| PLANNING D:1-11
    48 | D:1      | Reached XP level 2. HP: 17/17 MP: 2/2
   277 | D:1      | Found a faded altar of an unknown god.
   461 | D:1      | 461 ||| UPGRADING to amulet of regeneration.
   466 | D:1      | 466 ||| READING scroll labelled ROUMIRPH DIOPP.
   467 | D:1      | 467 ||| READING scroll labelled PAFOECS FEUCSE.
   468 | D:1      | 468 ||| DRINKING 2 white potions.
   469 | D:1      | 469 ||| DROPPING scroll of butterflies.
   470 | D:1      | 470 ||| DROPPING potion of brilliance.
   502 | D:2      | Reached XP level 3. HP: 21/21 MP: 3/3
   510 | D:2      | Reached skill level 5 in Ranged Weapons
   717 | D:2      | Reached skill level 3 in Fighting
   811 | D:2      | Reached XP level 4. HP: 28/28 MP: 4/4
   946 | D:2      | 946 ||| UPGRADING to +0 cloak.
   951 | D:2      | 951 ||| READING scroll labelled KEYNLEGURE.
  1052 | D:2      | 1052 ||| READING scroll labelled NASUIJENNUJ.
  1053 | D:2      | 1053 ||| DRINKING 2 smoky yellow potions.
  1054 | D:2      | 1054 ||| DRINKING 2 green potions.
  1055 | D:2      | 1055 ||| DROPPING potion of degeneration.
  1056 | D:2      | 1056 ||| DROPPING potion of invisibility.
  1116 | D:3      | HP: 7/28 [orc/+0 war axe (8)]
  1161 | D:3      | 1161 ||| Stepping ~*~*~tactically~*~*~ (outnumbered).
  1164 | D:3      | Reached skill level 6 in Ranged Weapons
  1164 | D:3      | Reached XP level 5. HP: 32/32 MP: 5/5
  1189 | D:3      | Found a burning altar of Makhleb.
  1317 | D:3      | Reached skill level 1 in Armour
  1358 | D:3      | Identified the ring "Heis" {Wiz Will+}
  1645 | D:3      | Reached XP level 6. HP: 38/38 MP: 6/6
  1670 | D:3      | Found an ornate altar of the Wu Jian Council.
  1743 | D:3      | Found a broken altar of Ashenzari.
  1906 | D:3      | 1906 ||| UPGRADING to ring "Heis" {Wiz Will+}.
  1907 | D:3      | 1907 ||| READING scroll labelled NEJYIGGUFF.
  1915 | D:3      | 1915 ||| READING 2 scrolls labelled OSIYTS YKUDOENEV.
  1978 | D:4      | Found Luinuwi's General Store.
  2030 | D:4      | Found an ancient bone altar of Kikubaaqudgha.
  2052 | D:4      | Found a staircase to the Ecumenical Temple.
  2053 | D:4      | 2053 ||| PLANNING TEMPLE
  2053 | D:4      | 2053 ||| DROPPING +6 ring of intelligence.
  2062 | Temple   | Entered the Ecumenical Temple
  2063 | Temple   | 2063 ||| PLANNING D:1-11
  2092 | D:4      | Found an opulent altar of Gozag.
  2126 | D:4      | Found an iron altar of Okawaru.
  2127 | D:4      | 2127 ||| PLANNING OKAWARU WORSHIP
  2130 | D:4      | Became a worshipper of Warmaster Okawaru
  2131 | D:4      | 2131 ||| PLANNING D:1-11
  2198 | D:4      | Found a shimmering altar of Xom.
  2396 | D:4      | Noticed a black bear
  2396 | D:4      | Noticed a sky beast
  2397 | D:4      | 2397 ||| RETREATING.
  2400 | D:4      | 2400 ||| FLEEEEING.
  2401 | D:4      | 2401 ||| FLEEEEING.
  2404 | D:4      | 2404 ||| FLEEEEING.
  2405 | D:4      | 2405 ||| FLEEEEING.
  2411 | D:4      | HP: 9/38 [black bear (10)]
  2412 | D:4      | 2412 ||| READING scroll of teleportation.
  2413 | D:4      | 2413 ||| Stepping ~*~*~tactically~*~*~ (retreating).
  2413 | D:4      | Slain by a black bear

Levels and vault maps discovered:
D:1:      dpeg_arrival_short_road, layout_rooms,
          hellmonk_ecumenical_altar_blasted, minmay_gold_behind_fungi,
          hangedman_decor_opposing
D:2:      layout_rooms
D:3:      layout_loops_ring, general_overflow_altar, ashenzari_altar_1,
          amcnicky_altar_gilded
D:4:      layout_loops_ring, kennysheep_mini_moat, lemuel_doored_altar,
          yredelemnul_altar_generic, mainiacjoe_overflow_24_doors,
          lemuel_zombie_altar_kikubaaqudgha, minmay_temple_entry_stoned_glass,
          serial_shops, nicolae_inconvenience_store,
          hangedman_decor_diamond_cutter
Temple:   chequers_temple_sunken

Skill      XL: |  1  2  3  4  5 |
---------------+----------------+-----
Ranged Weapons | 5 6 |  6.6
Fighting       | 3 4 |  4.2
Armour         | 1 |  1.0
Dodging        | |  1.5
Stealth        | |  1.1

Action                     |  1- 3 |  4- 6 || total
---------------------------+-------+-------++-------
   Fire: Shortbow          |   110 |   228 ||   338
    Use: Scroll            |     2 |     5 ||     7
         Potion            |     1 |     2 ||     3
 Armour: Leather armour    |    10 |    95 ||   105
  Dodge: Dodged            |    19 |    87 ||   106

Table legend:
 A = Non-vault XP
 B = Vault XP
 C = Vault XP percentage of total XP
 D = Non-vault monster count
 E = Vault monster count
 F = Vault count percentage of total count
                 A         B        C        D         E       F
            +---------+---------+-------+---------+---------+-------
      Total |     458 |       3 |   0.7 |      87 |       2 |   2.2
            +---------+---------+-------+---------+---------+-------
        D:1 |      33 |       0 |   0.0 |      20 |       0 |   0.0
        D:2 |      49 |       0 |   0.0 |      19 |       0 |   0.0
        D:3 |     245 |       0 |   0.0 |      29 |       0 |   0.0
        D:4 |     131 |       3 |   2.2 |      19 |       2 |   9.5
            +---------+---------+-------+---------+---------+-------
